 Dungeon Crawl Stone Soup version 0.30-a0-622-gddc90eaa04 (webtiles) character file.

Game seed: 2941689563823002192

363 voltaire321 the Sneak (level 6, -6/39 HPs)
             Began as an Octopode Earth Elementalist on Jan 10, 2023.
             Was a Follower of Vehumet.
             Mangled by Pikel
             ... wielding a +2 whip of freezing
              (8 damage)
             ... on level 4 of the Dungeon.
             The game lasted 00:11:26 (3613 turns).

voltaire321 the Sneak (Octopode Earth Elementalist) Turns: 3613, Time: 00:11:26

Health: -6/39      AC:  1    Str:  7    XL:     6   Next: 67%
Magic:  5/10       EV: 23    Int: 19    God:    Vehumet [*.....]
Gold:   202        SH:  3    Dex: 13    Spells: 4/10 levels left

rFire   . . .      SeeInvis .    d - +0 dagger
rCold   + . .      Faith    .    w - +0 buckler
rNeg    . . .      Spirit   .    (helmet restricted)
rPois   .          Reflect  .    b - amulet of regeneration
rElec   .          Harm     .    h - +5 ring of evasion
rCorr   .          Rampage  .    o - +5 ring of evasion
Will    .....                    x - ring of protection from cold
Stlth   ++++                     (no ring)
HPRegen 1.06/turn                (no ring)
MPRegen 0.12/turn                (no ring)
                                 (no ring)
                                 (no ring)

@: no status effects
A: almost no armour, amphibious, 8 rings, camouflage 1, gelatinous body 1,
(nimble swimmer 1), tentacles
a: Renounce Religion


You were on level 4 of the Dungeon.
You worshipped Vehumet.
Vehumet was aware of your devotion.
You visited 1 branch of the dungeon, and saw 4 of its levels.

You collected 228 gold pieces.
You spent 26 gold pieces at shops.

Inventory:

Hand Weapons
 d - a +0 dagger (weapon)
Armour
 w - a +0 buckler (worn)
Jewellery
 b - an amulet of regeneration (around mantle)
 h - a +5 ring of evasion (left tentacle)
 o - a +5 ring of evasion (right tentacle)
 u - an amulet of magic regeneration
 x - a ring of protection from cold (on tentacle)
Wands
 k - a wand of flame (29)
Scrolls
 e - a scroll of fear {unknown}
 f - a scroll of teleportation {unknown}
 g - 3 scrolls of acquirement {unknown}
 l - a scroll of vulnerability {unknown}
 n - a scroll of enchant armour {unknown}
 p - 2 scrolls of immolation {unknown}
 q - a scroll of blinking {unknown}
 r - a scroll of noise {unknown}
 s - 4 scrolls of identify
 t - 2 scrolls of poison {unknown}
Potions
 a - 3 potions of magic
 c - 2 potions of resistance
 i - a potion of ambrosia {unknown}
 j - a potion of curing {unknown}
 m - a potion of invisibility {unknown}
 v - a potion of cancellation {unknown}


   Skills:
 + Level 2.1 Fighting
 + Level 3.1 Dodging
 + Level 4.3 Stealth
 + Level 0.4 Shields
 + Level 2.9 Spellcasting
 + Level 1.8 Conjurations
 + Level 2.5 Transmutations
 + Level 4.0 Earth Magic


You had 4 spell levels left.
You knew the following spells:

 Your Spells              Type           Power      Damage    Failure   Level
a - Sandblast             Erth           36%        2d10      4%          1
b - Passwall              Tmut/Erth      12%        N/A       9%          2
c - Stone Arrow           Conj/Erth      26%        3d8       19%         3

Your spell library contained the following spells:

 Spells                   Type           Power      Damage    Failure   Level
 Freeze                   Ice            8%         1d3       22%         1
 Petrify                  Tmut/Erth      15%        N/A       47%         4
 Borgnjor's Vile Clutch   Necr/Erth      5%         N/A       94%         5
 Alistair's Intoxication  Tmut/Pois      4%         N/A       98%         5
 Eringya's Noxious Bog    Tmut/Pois      3%         N/A       100%        6


Dungeon Overview and Level Annotations

Branches:
Dungeon (4/15)
 Temple: D:4-7

Altars:
Trog
Vehumet
Xom

Shops:
D:2 *

Annotations:
D:4 Pikel


Innate Abilities, Weirdness & Mutations

You cannot wear most types of armour.
You are amphibious.
You can wear up to eight rings at the same time.
Your skin changes colour to match your surroundings (Stealth+).
Your rubbery body absorbs attacks. (AC +1, EV +1)
((You are camouflaged when in or above water. (Stealth+)))
You have tentacles for arms and can constrict up to eight enemies at once.


Message History

Aiming: Sandblast (safe; 4% risk of failure)
Press: ? - help, Q - select action, (/) - cycle Shift-Dir - straight line, f/p - Pikel
Aim: Pikel, wielding a +2 whip of freezing and wearing a +0 robe (77% to hit)
The blast of sand hits Pikel.
Pikel is lightly wounded.
Pikel misses you.
Aiming: Sandblast (safe; 4% risk of failure)
Press: ? - help, Q - select action, (/) - cycle Shift-Dir - straight line, f/p - Pikel
Aim: Pikel, wielding a +2 whip of freezing and wearing a +0 robe (lightly wounded, 77% to hit)
The blast of sand hits Pikel.
Pikel is moderately wounded.
Pikel drinks a potion.
Pikel seems to grow stronger.
You block Pikel's attack.
You hit Pikel but do no damage. Your grab misses Pikel.
Your squeeze misses Pikel.
Pikel is moderately wounded.
Pikel hits you with a +2 whip of freezing!
Pikel freezes you. The lemure barely misses you. Pikel closely misses you.
The lemure hits you. The lemure completely misses you.
Pikel closely misses you. The lemure misses you.
Aiming: Sandblast (safe; 4% risk of failure)
Press: ? - help, Q - select action, (/) - cycle Shift-Dir - straight line, f/p - Pikel
Aim: Pikel, wielding a +2 whip of freezing and wearing a +0 robe (moderately wounded, strong, 77% to hit)
The blast of sand hits Pikel.
Pikel is heavily wounded.
Pikel hits you with a +2 whip of freezing!
Pikel freezes you. The lemure misses you. The lemure closely misses you.
The lemure misses you.
Aiming: Sandblast (safe; 4% risk of failure)
Press: ? - help, Q - select action, (/) - cycle Shift-Dir - straight line, f/p - Pikel
Aim: Pikel, wielding a +2 whip of freezing and wearing a +0 robe (heavily wounded, strong, 77% to hit)
The blast of sand hits Pikel.
Pikel is heavily wounded.
Pikel hits you with a +2 whip of freezing!
* * * LOW HITPOINT WARNING * * *
Pikel freezes you.
* * * LOW HITPOINT WARNING * * *
The lemure closely misses you. x2; The lemure completely misses you.
Pikel hits you with a +2 whip of freezing!
You die...

..............#....(........#
#............##.............#
...#.##.....................#
...#..'.....................#
.....##.....................####
.#.#.##........^...............#
.#.#.#......)..........†.......#
...#+#........).55......†......#
............)...@5....##########
. .....#####.[..#K..........#
........##....#...........#
..............#...........#
..............#...........#
.............#...........#
.............#..........5#
..###........#........!5.5. .
#........#............#


You could see Pikel (strong) and 3 lemures.

Vanquished Creatures
  A lemure (D:4)
  A necrophage (D:4)
  An iguana (D:4)
  Natasha (twice) (D:2)
  Robin (D:2)
  5 adders
  4 gnolls
  A white imp (D:3)
  2 worms
  2 dart slugs
  2 orcs
  7 ball pythons
  7 endoplasms
  12 hobgoblins
  7 jackals
  6 quokkas
  6 bats
  5 frilled lizards
  18 goblins
  8 kobolds
  9 rats
107 creatures vanquished.

Notes
Turn   | Place    | Note
-------+----------+-------------------------------------------
     0 | D:1      | voltaire321 the Octopode Earth Elementalist began the quest
                  | for the Orb.
     0 | D:1      | Reached XP level 1. HP: 11/11 MP: 3/3
    57 | D:1      | Reached XP level 2. HP: 17/17 MP: 1/5
   173 | D:1      | Found a faded altar of an unknown god.
   436 | D:1      | Reached XP level 3. HP: 22/22 MP: 2/6
   492 | D:1      | Learned a level 2 spell: Passwall
   496 | D:1      | Learned a level 3 spell: Stone Arrow
   901 | D:2      | Noticed Natasha
   908 | D:2      | Killed Natasha
   909 | D:2      | Reached skill level 1 in Fighting
   909 | D:2      | Reached XP level 4. HP: 22/28 MP: 1/7
  1300 | D:2      | Noticed Robin
  1324 | D:2      | Reached skill level 1 in Conjurations
  1348 | D:2      | Reached XP level 5. HP: 33/33 MP: 0/8
  1501 | D:2      | Killed Robin
  1597 | D:2      | Noticed Natasha
  1611 | D:2      | Killed Natasha
  1699 | D:2      | Found Hoanwet's General Store.
  1757 | D:2      | Bought a scroll of identify for 26 gold pieces
  2132 | D:3      | Found a bloodstained altar of Trog.
  2132 | D:3      | Found a radiant altar of Vehumet.
  2137 | D:3      | Became a worshipper of Vehumet
  2392 | D:3      | Found a shimmering altar of Xom.
  3054 | D:4      | Reached XP level 6. HP: 20/39 MP: 6/10
  3515 | D:4      | Reached * piety under Vehumet
  3515 | D:4      | Offered knowledge of Freeze by Vehumet.
  3561 | D:4      | Noticed Pikel
  3613 | D:4      | Mangled by Pikel

Illustrated notes

Levels and vault maps discovered:
D:1:      onia_arrival_handbag, layout_rooms,
          shapermc_ecumenical_altar_mp_highgroup, minmay_pentomino_q2
D:2:      layout_basic, serial_shops, nicolae_shop_stone, uniq_natasha,
          uniq_robin
D:3:      layout_basic, gammafunk_temple_overflow_wave, xom_teletrap_fun,
          st_stairs_13, grunt_ministairs_5, minmay_fractal_squares_gapless_5
D:4:      layout_basic, serial_shops, nicolae_shop_behind_doors, uniq_pikel

Skill      XL: |  1  2  3  4  5  6 |
---------------+-------------------+-----
Stealth        | 3 4 |  4.3
Fighting       | 1 2 |  2.1
Conjurations   | 1 |  1.8
Transmutations | 2 |  2.5
Dodging        | 3 |  3.1
Earth Magic    | 4 |  4.0
Shields        | |  0.4
Spellcasting   | |  2.9

Action                   |  1- 3 |  4- 6 || total
-------------------------+-------+-------++-------
Melee: Tentacles         |     2 |    10 ||    12
       Unarmed           |     1 |       ||     1
       Dagger            |     4 |    26 ||    30
       Constrict         |     1 |     9 ||    10
 Cast: Sandblast         |    45 |   120 ||   165
  Use: Scroll            |       |     2 ||     2
 Stab: Sleeping          |       |     3 ||     3
Armor: Skin              |     2 |     3 ||     5
Dodge: Dodged            |     6 |    94 ||   100
Block: Buckler           |       |     1 ||     1

Table legend: (Time is in decaauts)
 A = Elapsed time spent in this place.
 B = Non-inter-level travel time spent in this place.
 C = Inter-level travel time spent in this place.
 D = Time resting spent in this place.
 E = Time spent auto-exploring this place.
 F = Levels seen in this place.
 G = Mean time per level.
                   A        B        C        D        E       F      G
               +--------+--------+--------+--------+--------+-----+--------+
         Total |   3694 |   3629 |     65 |    570 |   2183 |   4 |  923.5 |
       Dungeon |   3694 |   3629 |     65 |    570 |   2183 |   4 |  923.5 |
               +--------+--------+--------+--------+--------+-----+--------+

Top non-repeatable levels by time:
     D:3: 1328 daAuts
     D:2: 970 daAuts
     D:1: 886 daAuts
     D:4: 509 daAuts
